 Dungeon Crawl Stone Soup version 0.24.0-125-gc4c63601f3 (webtiles) character file.

Game seed: 3117255066658381121, levelgen mode: deterministic

205 Curus the Chopper (level 5, 0/45 HPs)
             Began as a Hill Orc Abyssal Knight on Mar 7, 2020.
             Was a Priest of Lugonu.
             Drowned by a drowned soul (3 damage)
             ... summoned by a malarious merfolk avatar
             ... in a sewer on Mar 8, 2020.
             The game lasted 00:11:04 (2418 turns).

Curus the Chopper (Hill Orc Abyssal Knight)         Turns: 2418, Time: 00:11:04

Health: 0/45       AC:  9    Str: 15    XL:     5   Next: 83%
Magic:  5/9        EV:  6    Int: 12    God:    Lugonu [***...]
Gold:   258        SH:  0    Dex: 11    Spells: 4/4 levels left

rFire    + . .     SeeInvis .   a - +2 hand axe
rCold    . . .     Gourm    .   (no shield)
rNeg     . . .     Faith    .   o - +0 chain mail
rPois    .         Spirit   .   j - +0 helmet
rElec    .         Reflect  .   (no cloak)
rCorr    .         Harm     .   (no gloves)
MR       .....                  (no boots)
Stlth    ..........             (no amulet)
HPRegen  0.15/turn              e - ring of protection from fire
MPRegen  0.11/turn              (no ring)

@: flying, mesmerised
A: no striking features
a: Depart the Abyss, Bend Space, Banish, Renounce Religion


You were in a sewer.
You worshipped Lugonu.
Lugonu was most pleased with you.
You were hungry.

You visited 1 branch of the dungeon, and saw 3 of its levels.
You visited the Abyss 1 time.
You also visited: Sewer.

You collected 258 gold pieces.

Inventory:

Hand Weapons
 a - a +2 hand axe (weapon)
Armour
 b - a +0 leather armour
 d - a +0 ring mail
 j - a +0 helmet (worn)
 o - a +0 chain mail (worn)
Jewellery
 e - a ring of protection from fire (left hand)
 f - an uncursed ring of ice
Scrolls
 g - 6 scrolls of identify
 h - 2 scrolls of remove curse
 m - a scroll of fog
 n - 3 scrolls of teleportation
Potions
 i - 3 potions of flight
 k - a potion of curing
 l - a potion of agility
Comestibles
 c - a ration


   Skills:
 - Level 3.6 Fighting
 + Level 5.8 Axes
 - Level 2.1 Armour
 - Level 0.7 Dodging
 + Level 5.6 Invocations


You had 4 spell levels left.
You didn't know any spells.
Your spell library was empty.

Dungeon Overview and Level Annotations

Branches:
Dungeon (3/15)              Sewer (1/1)

Altars:
Ashenzari
Wu Jian


Message History

The malarious merfolk avatar chants its luring song.
The drowned soul returns to the deep!
The pull of its song draws you forwards.
The malarious merfolk avatar chants its luring song.
The pull of its song draws you forwards.
The malarious merfolk avatar chants its luring song.
The malarious merfolk avatar chants its luring song.
Space bends sharply around you!
You blink.
The malarious merfolk avatar chants its luring song.
The malarious merfolk avatar chants its luring song.
The malarious merfolk avatar chants its luring song.
The pull of its song draws you forwards.
The malarious merfolk avatar chants its luring song.
The frilled lizard barely misses you. The drowned soul touches you.
The drowned soul drowns you.
* * * LOW HITPOINT WARNING * * *
The pull of its song draws you forwards.
The malarious merfolk avatar chants its luring song.
The drowned soul touches you. The drowned soul drowns you.
You die...

≈W≈≈≈≈≈≈≈≈≈≈≈ ≈≈≈≈≈≈≈≈≈≈≈≈
≈≈≈≈≈≈≈≈≈≈≈≈ #######
≈≈≈≈≈≈≈≈≈≈≈ ##..††.##
≈≈≈≈≈≈≈≈≈≈ #..###%.#
##≈m≈≈≈W≈≈≈ ######≈≈# ##.##
#≈≈≈≈≈≈≈≈≈≈ #.....≈≈#
#..###≈≈≈≈≈≈≈≈≈≈
.†≈#########..#≈@≈≈≈≈≈≈≈≈≈≈
.≈≈#≈≈≈≈≈≈≈≈≈††≈Wl≈≈≈W≈≈≈≈≈
≈≈≈≈########..#≈≈≈≈≈≈≈≈≈≈≈≈
≈#### #..###≈≈≈≈≈≈≈≈≈≈ ##
#..# #.≈≈≈≈≈≈≈≈≈ # #..#
#.≈≈≈≈≈≈≈≈≈ # ####
#.≈≈≈≈≈≈≈≈≈ # '.≈≈≈≈≈≈≈≈≈ #
##≈≈≈≈≈≈≈≈≈≈


You could see a malarious merfolk avatar, 3 drowned souls and a frilled lizard.

Vanquished Creatures
  A merfolk siren (Sewer)
  2 adders
  A gnoll (D:1)
  3 river rats
  An ooze (D:3)
  4 worms
  3 dart slugs (D:1)
  6 leopard geckos
  6 giant cockroaches
  10 goblins
  6 hobgoblins
  A jackal (D:1)
  9 kobolds
  A quokka (D:3)
  7 ball pythons
  4 bats
  8 frilled lizards
  38 rats
111 creatures vanquished.

Notes
Turn   | Place    | Note
-------+----------+-------------------------------------------
     0 | Abyss:1  | Curus the Hill Orc Abyssal Knight began the quest for the
                  | Orb.
     0 | Abyss:1  | Reached XP level 1. HP: 19/19 MP: 2/2
    33 | Abyss:1  | Found a corrupted altar of Lugonu.
    48 | Abyss:1  | Found a corrupted altar of Lugonu.
    86 | Abyss:1  | Noticed a reaper
    91 | Abyss:1  | Noticed a raiju
    92 | D:1      | Escaped the Abyss
   275 | D:1      | Reached XP level 2. HP: 21/26 MP: 4/4
   285 | D:1      | Reached * piety under Lugonu
   330 | D:1      | Reached XP level 3. HP: 19/31 MP: 5/5
  1148 | D:2      | Reached XP level 4. HP: 31/39 MP: 7/7
  1160 | D:2      | Found an ornate altar of the Wu Jian Council.
  1308 | D:2      | Reached ** piety under Lugonu
  1572 | D:3      | Found a shattered altar of Ashenzari.
  1980 | D:3      | Reached skill level 5 in Axes
  1989 | D:3      | Reached XP level 5. HP: 20/45 MP: 8/8
  2030 | D:3      | Found a glowing drain.
  2045 | D:3      | Reached skill level 5 in Invocations
  2128 | Sewer    | Entered a sewer
  2299 | Sewer    | Reached *** piety under Lugonu
  2378 | Sewer    | Noticed a malarious merfolk avatar
  2418 | Sewer    | Drowned by a drowned soul

Levels and vault maps discovered:
D:1:      shiori_arrival_maze, layout_loops_cross, minmay_split_cup_small
D:2:      layout_rooms, lemuel_doored_altar
D:3:      layout_loops_cross, portal_sewer_entry_e, evilmike_ruin_ashenzari
Sewer:    sewer_sea

Skill      XL: |  1  2  3  4  5 |
---------------+----------------+-----
Axes           | 3 4 5 |  5.8
Invocations    | 3 4 5 |  5.6
Fighting       | |  3.6
Armour         | |  2.1
Dodging        | |  0.7

Action                   |  1- 3 |  4- 6 || total
-------------------------+-------+-------++-------
Melee: Hand axe          |   112 |   215 ||   327
Invok: Depart the Abyss  |     1 |       ||     1
       Bend Space        |       |     4 ||     4
       Banish            |       |     1 ||     1
  Use: Scroll            |     7 |     1 ||     8
       Potion            |     2 |     6 ||     8
  Eat: Chunk             |     1 |     4 ||     5
Armor: Leather armour    |     3 |       ||     3
       Ring mail         |    42 |    19 ||    61
       Chain mail        |       |    62 ||    62
Dodge: Dodged            |    61 |    66 ||   127
